 Dungeon Crawl Stone Soup version 0.30.1-3-gfc49f6343a (webtiles) character file.

Game seed: 2139680420240476385

26321 jtron the Slicer (level 13, -3/91 HPs)
             Began as a Gnoll Wanderer on Aug 8, 2023.
             Was a Priest of Hepliaklqana.
             Slain by a two-headed ogre
             ... wielding a +0 giant club
              (7 damage)
             ... on level 11 of the Dungeon.
             The game lasted 00:47:00 (14898 turns).

jtron the Slicer (Gnoll Wanderer)                  Turns: 14898, Time: 00:47:00

Health: -3/91      AC: 15    Str: 10    XL:     13   Next: 25%
Magic:  20/34      EV: 16    Int: 18    God:    Hepliaklqana [***...]
Gold:   924        SH: 12    Dex: 16    Spells: 2/29 levels left

rFire   . . .        b - +6 dagger of Extermination {pain, rElec MP+9}
rCold   + . .        N - +1 buckler
rNeg    . . .        d - +1 robe
rPois   +            T - +1 helmet of the Date {rElec rC+}
rElec   +            U - +2 cloak
rCorr   .            l - +2 pair of gloves
SInv    .            o - +1 pair of boots {Fly}
Will    +....        h - amulet of reflection
Stlth   +++++        f - ring of poison resistance
HPRegen 0.35/turn    w - ring of wizardry
MPRegen 0.24/turn

%: reflection, wizardry (x1)
@: flying
A: reduced essence, fangs 1, strong nose, distributed training, thin skeletal
structure 1, clever 1, strong-willed 1, no potion heal 1
a: Renounce Religion, Recall Ancestor, Ancestor Identity, Transference


You were on level 11 of the Dungeon.
You worshipped Hepliaklqana.
Hepliaklqana was most pleased with you.
You visited 3 branches of the dungeon, and saw 14 of its levels.
You also visited: Volcano.

You collected 924 gold pieces.

Inventory:

Hand Weapons
 a - a +4 short sword of flaming
 b - the +6 dagger of Extermination (weapon) {pain, rElec MP+9}
   (You found it on level 8 of the Dungeon)

   rElec:     It insulates you from electricity.
   MP:        It affects your magic capacity (+9).
 n - a +0 sling
Missiles
 g - 2 throwing nets
 j - 86 stones
 q - 15 poisoned darts (quivered)
 F - 5 atropa-tipped darts
 J - 10 boomerangs
Armour
 d - a +1 robe (worn)
 l - a +2 pair of gloves (worn)
 o - a +1 pair of boots of flying (worn)
 C - a +0 leather armour of fire resistance
 N - a +1 buckler (worn)
 P - +0 steam dragon scales
 T - the +1 helmet of the Date (worn) {rElec rC+}
   (You found it on level 9 of the Dungeon)

   rC:        It protects you from cold.
   rElec:     It insulates you from electricity.
 U - a +2 cloak (worn)
Jewellery
 f - a ring of poison resistance (left hand)
 h - an amulet of reflection (around neck)
 k - an amulet of guardian spirit
 v - a ring of magical power
 w - a ring of wizardry (right hand)
 y - a ring of protection from fire
 A - an amulet of the acrobat
 O - a ring of see invisible
 Q - a ring of positive energy
 S - an amulet of magic regeneration
Wands
 e - a wand of light (5)
 H - a wand of digging (3)
 K - a wand of mindburst (15)
 M - a wand of paralysis (6)
 R - a wand of iceblast (4)
 V - a wand of polymorph (3)
Scrolls
 m - 2 scrolls of vulnerability
 u - 3 scrolls of blinking
 z - 2 scrolls of amnesia
 B - 5 scrolls of teleportation
 G - 3 scrolls of identify
 W - a scroll of fear {unknown}
Potions
 c - a potion of brilliance
 i - 3 potions of attraction {unknown}
 p - 4 potions of degeneration
 r - 5 potions of curing
 s - a potion of haste
 t - a potion of berserk rage {unknown}
 x - a potion of heal wounds {unknown}
 E - a potion of magic {unknown}
 I - 2 potions of flight {unknown}
 L - 4 potions of might
Miscellaneous
 D - a condenser vane


   Skills:
 + Level 9.6 Fighting
 + Level 10.7 Short Blades
 + Level 8.4 Long Blades
 + Level 8.4 Axes
 + Level 8.4 Maces & Flails
 + Level 8.4 Polearms
 + Level 8.4 Staves
 + Level 8.4 Ranged Weapons
 + Level 8.4 Throwing
 + Level 8.4 Armour
 + Level 8.4 Dodging
 + Level 9.4 Stealth
 + Level 8.4 Shields
 + Level 8.4 Unarmed Combat
 + Level 8.9 Spellcasting
 + Level 7.0 Conjurations
 + Level 7.0 Hexes
 + Level 7.0 Summonings
 + Level 7.0 Necromancy
 + Level 7.0 Translocations
 + Level 7.0 Transmutations
 + Level 7.0 Fire Magic
 + Level 8.0 Ice Magic
 + Level 7.0 Air Magic
 + Level 7.0 Earth Magic
 + Level 7.0 Poison Magic
 + Level 9.2 Invocations
 + Level 8.4 Evocations


You had 2 spell levels left.
You knew the following spells:

 Your Spells              Type           Power      Damage    Failure   Level
a - Freeze                Ice            100%       1d10      1%          1
b - Call Canine Familiar  Summ           33%        N/A       1%          3
c - Ignite Poison         Fire/Tmut/Pois 33%        N/A       1%          3
d - Hailstorm             Conj/Ice       35%        3d9       1%          3
e - Dispel Undead         Necr           33%        3d14      2%          4
f - Fireball              Conj/Fire      16%        3d8       8%          5
g - Freezing Cloud        Conj/Ice/Air   17%        6-21      6%          5
t - Tukima's Dance        Hex            33%        N/A       1%          3

Your spell library contained the following spells:

 Spells                   Type           Power      Damage    Failure   Level
 Foxfire                  Conj/Fire      100%       2x1d9     1%          1
 Sting                    Tmut/Pois      100%       1d8       1%          1
 Summon Small Mammal      Summ           100%       N/A       1%          1
 Cigotuvi's Dreadful Rot  Necr/Pois/Air  66%        N/A       1%          2
 Poisonous Vapours        Pois/Air       66%        N/A       1%          2
 Dazzling Flash           Conj/Hex       66%        N/A       1%          3
 Portal Projectile        Hex/Tloc       66%        N/A       1%          3
 Summon Guardian Golem    Hex/Summ       33%        N/A       1%          3
 Olgreb's Toxic Radiance  Pois           33%        N/A       2%          4
 Petrify                  Tmut/Erth      33%        N/A       2%          4
 Metabolic Englaciation   Hex/Ice        17%        N/A       6%          5
 Agony                    Necr           33%        N/A       8%          5
 Blade Hands              Tmut           16%        N/A       8%          5
 Silence                  Hex/Air        16%        N/A       8%          5
 Death Channel            Necr           16%        N/A       36%         6
 Plasma Beam              Fire/Air       16%        2x1d30    36%         6
 Starburst                Conj/Fire      16%        6d6       36%         6
 Statue Form              Tmut/Erth      22%        N/A       36%         6


Dungeon Overview and Level Annotations

Branches:
Dungeon (11/15)            Temple (1/1) D:7            Lair (2/5) D:10
Volcano (visited)
  Swamp: Lair:2-3    Shoals: Lair:2-3     Snake: Lair:2-3    Spider: Lair:2-3
    Orc: D:9-12

Altars:
Ashenzari
Cheibriados
Dithmenos
Elyvilon
Gozag
Hepliaklqana
Kikubaaqudgha
Qazlal
Sif Muna
Uskayaw
Vehumet
Xom
Zin
The Shining One


Innate Abilities, Weirdness & Mutations

Your life essence is reduced to manifest your ancestor. (-10% HP)
You have very sharp teeth.
Your uncanny sense of smell can sniff out nearby items.
Your experience applies equally to all skills.
You have a somewhat thin skeletal structure. (Dex +2, Stealth+)
Your mind is acute. (Int +4, Str/Dex -1)
You are strong-willed. (Will+)
Potions are less effective at restoring your health.


Message History

You completely miss the cyclops. Your bite misses the cyclops.
The cyclops is moderately wounded.
You hit the cyclops.
The cyclops writhes in agony.
The cyclops is heavily wounded.
The cyclops hits you.
* * * LOW HITPOINT WARNING * * *
You hit the cyclops.
The cyclops writhes in agony.
The cyclops is heavily wounded.
Throw: 17 darts (poison)
Press: ? - help, Q - select action, (/) - cycle Shift-Dir - straight line, f - cyclops
Aim: a cyclops, quivering large rocks (heavily wounded, 88% to hit)
You throw a poisoned dart. The poisoned dart hits the cyclops.
The cyclops is poisoned.
The cyclops is heavily wounded.
The cyclops misses you.
Casting: Ignite Poison (safe; 1% risk of failure)
Confirm with . or Enter, or press ? or * to list all spells.
You ignite the poison in your surroundings!
The cyclops seems to burn from within!!
You kill the cyclops!
Casting: Ignite Poison (safe; 1% risk of failure)
Confirm with . or Enter, or press ? or * to list all spells.
Okay, then.
You hit the two-headed ogre but do no damage.
The two-headed ogre writhes in agony.
The two-headed ogre is lightly wounded.
The two-headed ogre hits you with a +0 giant club!
* * * LOW HITPOINT WARNING * * *
You block the two-headed ogre's attack.
Your system partially rejects the healing.
You feel better.
Throw: 16 darts (poison)
Press: ? - help, Q - select action, (/) - cycle Shift-Dir - straight line, f - two-headed ogre
Aim: a two-headed ogre, wielding a +0 giant club and a +0 giant spiked club (lightly wounded, 80% to hit)
You throw a poisoned dart.
The poisoned dart barely misses the two-headed ogre.
The two-headed ogre hits you with a +0 giant club!
* * * LOW HITPOINT WARNING * * *
The two-headed ogre hits you with a +0 giant spiked club!
You die...

############
#)((().....#
##.######'''#
#(.# #...#
#O## .B#.(#
####@#
B###.o.
##....# #.
.#.. #..####
## ∆ ##..
#.## .# #.# ∆
∆ ∆ #.# # #.#
∆ ### ##.#
..#
#######..#


You could see a two-headed ogre.

Vanquished Creatures
  Harold (D:10)
  Erica (D:10)
  A hydra (Lair:2)
  A death knight (D:8)
  4 two-headed ogres (D:11)
  2 boulder beetles
  Pikel (D:4)
  An ugly thing (D:11)
  2 cyclopes (D:11)
  Maggie (Lair:1)
  2 gargoyles (D:11)
  A kobold demonologist (D:10)
  2 rime drakes
  4 trolls
  A polar bear (D:10)
  Grinder (D:4)
  A hornet (D:9)
  2 wraiths (D:8)
  16 yaks
  Eustachio (D:4)
  Grum (D:11)
  3 steam dragons
  4 water moccasins
  3 sky beasts
  A black bear (D:6)
  An orc warrior (D:11)
  7 ice beasts
  A wolf (D:11)
  2 centaurs
  A phantom (D:5)
  2 kobold brigands
  6 bullfrogs
  2 scorpions
  4 wights (D:8)
  9 killer bees
  10 howler monkeys
  A jelly (D:4)
  5 orc priests
  4 hounds
  6 orc wizards
  4 gnoll boudas
  4 iguanas
  2 centaur simulacra (D:8)
  A killer bee simulacrum (D:8)
  13 gnolls
  10 adders
  A shadow imp (D:6)
  2 ufetubi
  4 dart slugs
  22 orcs
  6 ball pythons
  7 endoplasms
  2 giant cockroaches
  3 hobgoblins
  4 jackals
  5 quokkas
  4 bats
  5 frilled lizards
  11 goblins
  9 kobolds
  7 rats
245 creatures vanquished.

Vanquished Creatures (collateral kills)
  Erolcha (D:9)
  A centaur warrior (D:10)
  3 two-headed ogres
  The ghost of erynZofia the Thaumaturge, a novice DEEE of Vehumet (D:10)
  A black mamba (Lair:2)
  A torpor snail (Lair:1)
  A gargoyle (D:7)
  2 komodo dragons
  A kobold demonologist (D:10)
  7 yaks
  A wraith (D:10)
  A steam dragon (D:6)
  2 water moccasins
  A swamp drake (D:11)
  2 ice beasts (D:10)
  2 orc warriors
  6 wolves
  A centaur (D:7)
  A spectral centaur (D:8)
  3 howler monkeys
  A hound (D:6)
  3 orc priests
  3 orc wizards
  5 gnolls
  A white imp (D:6)
  11 orcs
  2 jackals (D:5)
  3 kobolds (D:10)
68 creatures vanquished.

Vanquished Creatures (others)
  7 dancing weapons
  4 battlemagi
11 creatures vanquished.

Grand Total: 324 creatures vanquished

Notes
Turn   | Place    | Note
-------+----------+-------------------------------------------
     0 | D:1      | jtron the Gnoll Wanderer began the quest for the Orb.
     0 | D:1      | jtron set off with the following items: a +2 short sword, a
                  | +0 pair of boots, a potion of brilliance, a +0 robe; and
                  | the following spell memorised: Freeze; and the following
                  | spells available to memorise: Hailstorm.
     0 | D:1      | Reached XP level 1. HP: 20/20 MP: 4/4
   314 | D:1      | Reached XP level 2. HP: 24/26 MP: 3/5
   955 | D:2      | Reached XP level 3. HP: 29/31 MP: 5/7
   992 | D:2      | Reached skill level 1 in Invocations
  1242 | D:2      | Reached skill level 1 in Long Blades
  1242 | D:2      | Reached skill level 1 in Axes
  1242 | D:2      | Reached skill level 1 in Maces & Flails
  1242 | D:2      | Reached skill level 1 in Polearms
  1242 | D:2      | Reached skill level 1 in Staves
  1242 | D:2      | Reached skill level 1 in Ranged Weapons
  1242 | D:2      | Reached skill level 1 in Throwing
  1242 | D:2      | Reached skill level 1 in Armour
  1242 | D:2      | Reached skill level 1 in Dodging
  1242 | D:2      | Reached skill level 1 in Shields
  1242 | D:2      | Reached skill level 1 in Unarmed Combat
  1242 | D:2      | Reached skill level 1 in Evocations
  1429 | D:2      | Reached XP level 4. HP: 38/38 MP: 8/8
  1640 | D:2      | Reached skill level 1 in Conjurations
  1640 | D:2      | Reached skill level 1 in Hexes
  1640 | D:2      | Reached skill level 1 in Summonings
  1640 | D:2      | Reached skill level 1 in Necromancy
  1640 | D:2      | Reached skill level 1 in Translocations
  1640 | D:2      | Reached skill level 1 in Transmutations
  1640 | D:2      | Reached skill level 1 in Fire Magic
  1640 | D:2      | Reached skill level 1 in Air Magic
  1640 | D:2      | Reached skill level 1 in Earth Magic
  1640 | D:2      | Reached skill level 1 in Poison Magic
  2132 | D:3      | Reached XP level 5. HP: 21/43 MP: 4/9
  2747 | D:4      | Noticed Grinder
  2748 | D:4      | Noticed Eustachio
  2804 | D:4      | Noticed a lemure
  2804 | D:4      | Noticed a lemure
  2916 | D:4      | Learned a level 3 spell: Call Canine Familiar
  3039 | D:4      | Reached skill level 5 in Fighting
  3039 | D:4      | Reached XP level 6. HP: 42/51 MP: 6/11
  3309 | D:4      | Noticed Pikel
  3312 | D:4      | Killed Pikel
  3313 | D:4      | Reached skill level 7 in Short Blades
  3313 | D:4      | Reached skill level 5 in Stealth
  3313 | D:4      | Reached XP level 7. HP: 33/56 MP: 11/13
  3335 | D:4      | Killed Eustachio
  3336 | D:4      | Reached XP level 8. HP: 40/63 MP: 14/14
  3344 | D:4      | Paralysed by Grinder for 5 turns
  3351 | D:4      | Paralysed by Grinder for 2 turns
  3356 | D:4      | Killed Grinder
  3663 | D:5      | Entered Level 5 of the Dungeon
  5291 | D:6      | Reached skill level 5 in Ice Magic
  5291 | D:6      | Gained mutation: You are clumsy. (Dex -2) [potion of
                  | mutation]
  5291 | D:6      | Gained mutation: You are strong-willed. (Will+) [potion of
                  | mutation]
  5291 | D:6      | Gained mutation: Your flesh is cold resistant. (rC+)
                  | [potion of mutation]
  5292 | D:6      | Lost mutation: Your flesh is cold resistant. (rC+) [potion
                  | of mutation]
  5292 | D:6      | Lost mutation: You are clumsy. (Dex -2) [potion of
                  | mutation]
  5292 | D:6      | Lost mutation: You are strong-willed. (Will+) [potion of
                  | mutation]
  5292 | D:6      | Gained mutation: You are weak. (Str -2) [potion of
                  | mutation]
  5292 | D:6      | Gained mutation: You have a pair of small antennae on your
                  | head. [potion of mutation]
  5511 | D:6      | Reached XP level 9. HP: 61/69 MP: 16/16
  5515 | D:6      | Learned a level 3 spell: Tukima's Dance
  5619 | D:6      | Reached skill level 5 in Spellcasting
  5760 | D:6      | HP: 2/69 [steam dragon/ball of steam (8)]
  6115 | D:6      | Found an opulent altar of Gozag.
  6267 | D:6      | Reached skill level 8 in Short Blades
  6853 | D:7      | Found a staircase to the Ecumenical Temple.
  6876 | Temple   | Entered the Ecumenical Temple
  6996 | Temple   | Became a worshipper of Hepliaklqana the Forgotten
  7264 | D:7      | Reached skill level 5 in Invocations
  7373 | D:7      | Identified the +3 dagger of Tenacity {freeze, Will+}
  7374 | D:7      | Noticed a gargoyle
  7638 | D:7      | Killed a gargoyle
  7787 | D:7      | Reached skill level 5 in Long Blades
  7787 | D:7      | Reached skill level 5 in Axes
  7787 | D:7      | Reached skill level 5 in Maces & Flails
  7787 | D:7      | Reached skill level 5 in Polearms
  7787 | D:7      | Reached skill level 5 in Staves
  7787 | D:7      | Reached skill level 5 in Ranged Weapons
  7787 | D:7      | Reached skill level 5 in Throwing
  7787 | D:7      | Reached skill level 5 in Armour
  7787 | D:7      | Reached skill level 5 in Dodging
  7787 | D:7      | Reached skill level 5 in Shields
  7787 | D:7      | Reached skill level 5 in Unarmed Combat
  7787 | D:7      | Reached skill level 5 in Evocations
  7787 | D:7      | Reached XP level 10. HP: 75/77 MP: 14/18
  8215 | D:8      | Noticed a death knight
  8422 | D:8      | Learned a level 3 spell: Ignite Poison
  8456 | D:8      | Learned a level 3 spell: Hailstorm
  8496 | D:8      | Reached * piety under Hepliaklqana
  9074 | D:8      | Killed a death knight
  9219 | D:8      | Identified the +6 dagger of Extermination {pain, rElec
                  | MP+9}
  9977 | D:9      | Learned a level 4 spell: Dispel Undead
 10030 | D:9      | Reached ** piety under Hepliaklqana
 10031 | D:9      | Remembered your ancestor Servia as a battlemage
 10074 | D:9      | Noticed a two-headed ogre
 10084 | D:9      | Killed a two-headed ogre
 10085 | D:9      | Reached skill level 9 in Short Blades
 10085 | D:9      | Reached skill level 5 in Conjurations
 10085 | D:9      | Reached skill level 5 in Hexes
 10085 | D:9      | Reached skill level 5 in Summonings
 10085 | D:9      | Reached skill level 5 in Necromancy
 10085 | D:9      | Reached skill level 5 in Translocations
 10085 | D:9      | Reached skill level 5 in Transmutations
 10085 | D:9      | Reached skill level 5 in Fire Magic
 10085 | D:9      | Reached skill level 5 in Air Magic
 10085 | D:9      | Reached skill level 5 in Earth Magic
 10085 | D:9      | Reached skill level 5 in Poison Magic
 10116 | D:9      | Identified the +1 helmet of the Date {rElec rC+}
 10198 | D:9      | Reached XP level 11. HP: 76/76 MP: 21/21
 10525 | D:9      | Noticed Erolcha
 10535 | D:9      | Killed Erolcha
 10820 | D:10     | Entered Level 10 of the Dungeon
 10890 | D:10     | Noticed Erica
 10895 | D:10     | Killed Erica
 10993 | D:10     | Lost mutation: You are weak. (Str -2) [potion of mutation]
 10993 | D:10     | Lost mutation: You have a pair of small antennae on your
                  | head. [potion of mutation]
 10993 | D:10     | Gained mutation: You have a somewhat thin skeletal
                  | structure. (Dex +2, Stealth+) [potion of mutation]
 10993 | D:10     | Gained mutation: Potions are less effective at restoring
                  | your health. [potion of mutation]
 10993 | D:10     | Gained mutation: You are strong-willed. (Will+) [potion of
                  | mutation]
 10993 | D:10     | Gained mutation: Your mind is acute. (Int +4, Str/Dex -1)
                  | [potion of mutation]
 11030 | D:10     | Noticed Harold
 11044 | D:10     | Killed Harold
 11158 | D:10     | Found a staircase to the Lair.
 11233 | D:10     | Found a runed translucent door.
 11235 | D:10     | Noticed erynZofia's ghost (novice DEEE)
 11515 | D:10     | Noticed a two-headed ogre
 11785 | D:11     | Noticed a two-headed ogre
 11789 | D:11     | Killed a two-headed ogre
 12252 | D:11     | Noticed Grum
 12270 | D:11     | Killed Grum
 12299 | D:11     | Reached XP level 12. HP: 27/84 MP: 23/23
 12489 | D:11     | Noticed a two-headed ogre
 12494 | D:11     | Killed a two-headed ogre
 12712 | D:10     | Killed a two-headed ogre
 12799 | D:10     | Reached *** piety under Hepliaklqana
 13175 | D:10     | Noticed a centaur warrior
 13179 | D:10     | Killed erynZofia's ghost
 13180 | D:10     | Reached skill level 10 in Short Blades
 13185 | D:10     | Killed a centaur warrior
 13244 | Lair:1   | Entered Level 1 of the Lair of Beasts
 13626 | Lair:1   | Noticed Maggie
 13642 | Lair:1   | Killed Maggie
 13857 | Lair:1   | Found a dark tunnel.
 13862 | Volcano  | Entered a volcano
 14183 | Lair:2   | Learned a level 5 spell: Fireball
 14189 | Lair:2   | Learned a level 5 spell: Freezing Cloud
 14333 | Lair:2   | Noticed a seven-headed hydra
 14343 | Lair:2   | Killed a seven-headed hydra
 14346 | Lair:2   | Noticed a boulder beetle
 14373 | Lair:1   | Killed a boulder beetle
 14374 | Lair:1   | Reached XP level 13. HP: 44/90 MP: 25/25
 14898 | D:11     | HP: 4/91 [two-headed ogre/+0 giant club (11)]
 14898 | D:11     | Slain by a two-headed ogre

Illustrated notes

Levels and vault maps discovered:
D:1:      psy_arrival_heroes, layout_basic
D:2:      layout_loops_ring, columned_hall_lemuel
D:3:      layout_basic, minmay_tree_intersection
D:4:      layout_loops_ring, minmay_vboxes, uniq_pikel, uniq_grinder,
          uniq_eustachio
D:5:      layout_layer_cave, roderic_lattice_a, nicolae_figureground_pulse
D:6:      layout_basic, old_standard_altar, due_unseen_surprise
D:7:      layout_basic, minmay_temple_entry_trees
D:8:      nicolae_BIG_FREAKIN_CUBE, layout_layer_cave, dilly_guarded_unrand_morg
D:9:      layout_stronghold, grunt_ministairs_2, chequers_serial_rivers_small_b,
          uniq_erolcha
D:10:     layout_basic, hellmonk_lair_entry_icy, ebering_ghost_inner_flame,
          uniq_erica, uniq_harold
D:11:     layout_rooms, erik_orc_1, kennysheep_kite_vault, uniq_grum
Temple:   mainiacjoe_temple_hex_bubbles
Lair:1:   layout_roguey, enter_volcano_4, uniq_maggie
Lair:2:   layout_chaotic_city, hellmonk_spider_entry_not_the_bees,
          beast_lair_carwin_11, grunt_megastairs_2

Skill      XL: |  1  2  3  4  5  6  7  8  9 10 11 12 13 |
---------------+----------------------------------------+-----
Invocations    | 1 2 3 4 5 6 7 8 9 |  9.2
Long Blades    | 1 2 3 5 6 7 8 |  8.4
Axes           | 1 2 3 5 6 7 8 |  8.4
Maces & Flails | 1 2 3 5 6 7 8 |  8.4
Polearms       | 1 2 3 5 6 7 8 |  8.4
Staves         | 1 2 3 5 6 7 8 |  8.4
Ranged Weapons | 1 2 3 5 6 7 8 |  8.4
Throwing       | 1 2 3 5 6 7 8 |  8.4
Armour         | 1 2 3 5 6 7 8 |  8.4
Dodging        | 1 2 3 5 6 7 8 |  8.4
Shields        | 1 2 3 5 6 7 8 |  8.4
Unarmed Combat | 1 2 3 5 6 7 8 |  8.4
Evocations     | 1 2 3 5 6 7 8 |  8.4
Spellcasting   | 3 4 5 6 7 8 |  8.9
Conjurations   | 1 2 3 4 5 6 7 |  7.0
Hexes          | 1 2 3 4 5 6 7 |  7.0
Summonings     | 1 2 3 4 5 6 7 |  7.0
Necromancy     | 1 2 3 4 5 6 7 |  7.0
Translocations | 1 2 3 4 5 6 7 |  7.0
Transmutations | 1 2 3 4 5 6 7 |  7.0
Fire Magic     | 1 2 3 4 5 6 7 |  7.0
Air Magic      | 1 2 3 4 5 6 7 |  7.0
Earth Magic    | 1 2 3 4 5 6 7 |  7.0
Poison Magic   | 1 2 3 4 5 6 7 |  7.0
Ice Magic      | 4 5 6 7 8 |  8.0
Fighting       | 5 6 7 8 9 |  9.6
Short Blades   | 7 8 9 10 | 10.7
Stealth        | 5 6 7 8 9 |  9.4

Action                     |  1- 3 |  4- 6 |  7- 9 | 10-12 | 13-15 || total
---------------------------+-------+-------+-------+-------+-------++-------
  Melee: Short sword       |    59 |    78 |   272 |    83 |       ||   492
         Bite              |    10 |     6 |    27 |    60 |    16 ||   119
         Punch             |       |     1 |     8 |       |       ||     9
         Dagger            |       |       |       |   336 |    84 ||   420
  Throw: Stone             |     6 |     1 |       |       |       ||     7
         Dart              |       |    10 |    20 |    58 |     8 ||    96
   Cast: Freeze            |    28 |    17 |    18 |       |       ||    63
         Call Canine Famil |       |       |    16 |    16 |     1 ||    33
         Tukima's Dance    |       |       |     5 |    16 |     1 ||    22
         Ignite Poison     |       |       |       |    23 |     6 ||    29
         Hailstorm         |       |       |       |     1 |       ||     1
         Fireball          |       |       |       |     1 |     3 ||     4
 Invoke: Ancestor Life: Ba |       |       |       |     1 |       ||     1
  Evoke: Wand              |       |     4 |     6 |     7 |     1 ||    18
    Use: Scroll            |       |    14 |     2 |     8 |       ||    24
         Potion            |       |     1 |     5 |     2 |     1 ||     9
   Stab: Sleeping          |    11 |     7 |     8 |     9 |     1 ||    36
         Distracted        |     1 |     1 |       |     5 |       ||     7
         Invisible         |       |       |     3 |     1 |       ||     4
         Held in net/web   |       |       |       |     2 |       ||     2
 Armour: Robe              |    15 |    11 |    73 |    97 |     7 ||   203
  Dodge: Dodged            |    35 |    39 |   140 |   166 |    20 ||   400
  Block: Other             |       |     5 |    52 |     8 |       ||    65
         Reflection        |       |       |     4 |    12 |     1 ||    17
         Buckler           |       |       |       |   196 |    21 ||   217
